 Dungeon Crawl Stone Soup version 0.14-a0-2592-g262d02f (webtiles) character file.

1707 4tharraofdagon the Cleaver (level 8, -10/70 HPs)
             Began as a Minotaur Gladiator on Feb 12, 2014.
             Was a Follower of Dithmenos.
             Mangled by an orc warrior
             ... wielding a -1,+2 orcish war axe
              (16 damage)
             ... on Level 7 of the Dungeon.
             The game lasted 00:14:02 (2590 turns).

4tharraofdagon the Cleaver (Minotaur Gladiator)     Turns: 2590, Time: 00:14:03

HP -10/70        AC 12     Str 22      XL: 8   Next: 49%
MP   3/3         EV  4     Int  5      God: Dithmenos [*.....]
Gold 238         SH 16     Dex 11      Spells:  0 memorised,  7 levels left

rFire  . . .     SeeInvis .     t - +1,+4 orc hand axe
rCold  + . .     Clarity  .     o - +2 orc chain mail
rNeg   . . .     Conserve .     d - +1 shield
rPois  .         rCorr    .     c - +0 hat
rElec  .         rRot     .     (no cloak)
SustAb . .       Spirit   .     (no gloves)
rMut   .         Warding  .     (no boots)
Saprov . . .     Stasis   .     (no amulet)
MR     .....                    (no ring)
                                B - ring of protection from cold

@: wreathed by umbra, not resistant to hostile enchantments, extremely
unstealthy
A: retaliatory headbutt, horns 2
a: Renounce Religion


You were on level 7 of the Dungeon.
You worshipped Dithmenos.
Dithmenos was aware of your devotion.
You were not hungry.

You visited 1 branch of the dungeon, and saw 8 of its levels.

You collected 238 gold pieces.

Inventory:

Hand weapons
 h - a +0,+0 hand axe
 l - a +1,+1 whip of electrocution
 t - a +1,+4 orcish hand axe (weapon)
 v - a -2,-2 orcish hand axe
 H - a +0 blowgun
Missiles
 x - 5 tomahawks of returning (quivered)
 I - 5 poisoned needles
Armour
 b - a +0 leather armour
 c - a +0 hat (worn)
 d - a +1 shield (worn)
 g - a +0 ring mail
 j - a +0 orcish chain mail
 o - a +2 orcish chain mail (worn)
 u - a +1 scale mail
 F - a +0 chain mail
Magical devices
 E - a wand of confusion (0)
Comestibles
 f - 3 bread rations
 q - a meat ration
 w - a choko
 G - an apple
 L - 2 chunks of hippogriff flesh
Scrolls
 e - 4 scrolls of enchant weapon I {unknown}
 i - 2 scrolls of amnesia {unknown}
 n - a scroll of enchant weapon II {unknown}
 p - 3 scrolls of enchant armour
 r - a scroll of curse armour {unknown}
 s - 5 scrolls of remove curse
 y - a scroll of magic mapping
 A - 3 scrolls of teleportation
Jewellery
 k - an uncursed ring of flight
 B - a ring of protection from cold (left hand)
 C - an uncursed amulet of clarity {unknown}
 D - an uncursed amulet of conservation {unknown}
Potions
 a - a potion of flight {unknown}
 z - a potion of restore abilities
 J - a potion of brilliance {unknown}
 K - a potion of curing {unknown}
Books
 m - a book of Battle

   Spells                             Type                      Level
   Infusion                           Charms                       1
   Shroud of Golubria                 Charms/Translocation         2
   Song of Slaying                    Charms                       2
   Spectral Weapon                    Hexes/Charms                 3
   Regeneration                       Charms/Necromancy            3
Carrion
 M - a hippogriff skeleton


   Skills:
 + Level 5.7 Fighting
 * Level 9.1 Axes
 - Level 2.0 Throwing
 + Level 5.6 Armour
 + Level 6.0 Dodging


You had 7 spell levels left.
You didn't know any spells.

Dungeon Overview and Level Annotations

Branches:
Dungeon (8/16)
 Temple: D:4-7         Lair: D:8-11

Altars:
Dithmenos
Elyvilon
Nemelex Xobeh
Yredelemnul

Shops:
D:5 [


Innate Abilities, Weirdness & Mutations

You reflexively headbutt those who attack you in melee.
You have a pair of horns on your head.


Message History

Unknown command.
Unknown command.
Unknown command.
Unknown command.
You closely miss the orc warrior.
The orc warrior is almost dead.
The orc warrior hits you but does no damage.
Unknown command.
Unknown command.
Unknown command.
You closely miss the orc warrior.
The orc warrior is almost dead.
Unknown command.
Unknown command.
Unknown command.
You closely miss the orc warrior.
You headbutt the orc warrior, but do no damage.
The orc warrior is almost dead.
The orc warrior hits you with an orcish war axe!
You die...

## .# #+#####
######'#### .......
###.........#
..!.....##.'..>......#
........@o.#.........#
........####....<[.).#
....... #......>..+
....... #.........#
##+#### ###+#######


You could see an orc warrior.

Vanquished Creatures
  A hippogriff (D:7)
  An orc warrior (D:8)
  A phantom (D:4)
  A centaur (D:4)
  3 ogres (D:5)
  Sigmund (D:6)
  A crimson imp (D:7)
  A hound (D:4)
  An orc priest (D:7)
  A scorpion (D:5)
  3 jellies
  A gnoll shaman (D:7)
  4 orc wizards
  2 worker ants
  Natasha (twice) (D:4)
  3 iguanas
  6 adders
  9 gnolls
  An orc skeleton (D:7)
  A giant mite (D:4)
  A giant eyeball (D:6)
  4 giant geckos
  An ooze (D:3)
  14 orcs
  A bat skeleton (D:8)
  3 giant cockroaches
  9 hobgoblins
  10 jackals
  A quokka (D:4)
  2 ball pythons (D:3)
  10 bats
  2 giant newts
  7 goblins
  4 kobolds
  A kobold skeleton (D:7)
  7 rats
121 creatures vanquished.

Vanquished Creatures (others)
  A goblin (D:3)
1 creature vanquished.

Grand Total: 122 creatures vanquished

Notes
Turn   | Place    | Note
--------------------------------------------------------------
     0 | D:1      | 4tharraofdagon, the Minotaur Gladiator, began the quest for the Orb.
     0 | D:1      | Reached XP level 1. HP: 18/18 MP: 1/1
   130 | D:1      | Reached skill level 4 in Axes
   134 | D:1      | Reached XP level 2. HP: 25/25 MP: 1/1
   236 | D:2      | Reached skill level 1 in Armour
   406 | D:3      | Reached XP level 3. HP: 30/30 MP: 2/2
   454 | D:3      | Reached XP level 4. HP: 35/38 MP: 2/2
   462 | D:3      | Reached skill level 5 in Axes
   711 | D:3      | Found a sparkling altar of Nemelex Xobeh.
   778 | D:4      | Reached XP level 5. HP: 40/45 MP: 2/2
   839 | D:4      | Noticed a phantom
   873 | D:4      | Killed a phantom
   873 | D:4      | Reached skill level 6 in Axes
   873 | D:4      | Reached XP level 6. HP: 20/52 MP: 3/3
   928 | D:4      | Found a sparkling altar of Nemelex Xobeh.
   950 | D:4      | Noticed Natasha
   964 | D:4      | Killed Natasha
  1003 | D:4      | Noticed Natasha
  1012 | D:4      | Killed Natasha
  1027 | D:5      | Entered Level 5 of the Dungeon
  1034 | D:5      | Found Zeyrah's Antique Armour Shoppe.
  1058 | D:5      | Found a white marble altar of Elyvilon.
  1059 | D:5      | Found a basalt altar of Yredelemnul.
  1066 | D:5      | Found a shadowy altar of Dithmenos.
  1074 | D:5      | Became a worshipper of Dithmenos
  1229 | D:4      | Noticed a centaur
  1240 | D:4      | Killed a centaur
  1304 | D:4      | Noticed a phantom
  1446 | D:5      | Reached skill level 7 in Axes
  1446 | D:5      | Reached XP level 7. HP: 46/60 MP: 3/3
  1583 | D:5      | Reached skill level 5 in Dodging
  1863 | D:6      | Paralysed by a giant eyeball for 4 turns
  1870 | D:6      | Paralysed by a giant eyeball for 2 turns
  1960 | D:6      | Noticed Sigmund
  1976 | D:6      | Killed Sigmund
  1976 | D:6      | Reached skill level 5 in Fighting
  1976 | D:6      | Reached skill level 8 in Axes
  2100 | D:7      | Reached XP level 8. HP: 49/68 MP: 3/3
  2173 | D:8      | Reached skill level 5 in Armour
  2491 | D:7      | Reached skill level 9 in Axes
  2590 | D:7      | Mangled by an orc warrior

Action                   |  1- 3 |  4- 6 |  7- 9 || total
-------------------------+-------+-------+-------++-------
Melee: Hand axe          |    57 |   152 |   154 ||   363
 Fire: Blowgun           |       |       |     4 ||     4
Throw: Throwing net      |     1 |     4 |       ||     5
       Tomahawk          |       |     1 |    11 ||    12
  Use: Scroll            |     3 |     1 |     1 ||     5
       Potion            |     1 |     1 |     5 ||     7
 Stab: Held in net/web   |       |     1 |       ||     1
